 Dungeon Crawl Stone Soup version 0.28-a0-1518-gbe868bca14 (webtiles) character file.

Game seed: 1530050482315795422

181 Shayle the Ducker (level 5, -5/40 HPs)
             Began as a Djinni Warper on Jan 17, 2022.
             Slain by an ogre (18 damage)
             ... on level 4 of the Dungeon.
             The game lasted 00:06:30 (3753 turns).

Shayle the Ducker (Djinni Warper)                   Turns: 3753, Time: 00:06:30

Health: -5/40      AC:  3    Str: 10    XL:     5   Next: 92%
Gold:   61         EV: 12    Int: 17    God:
                   SH:  0    Dex: 12

rFire   + + .      SeeInvis .   k - +0 dagger (elec)
rCold   . . .      Faith    .   (no shield)
rNeg    . . .      Spirit   .   a - +0 leather armour
rPois   ∞          Reflect  .   (no helmet)
rElec   .          Harm     .   (no cloak)
rCorr   .          Rampage  .   (no gloves)
Will    .....                   (boots unavailable)
Stlth   +.........              (no amulet)
HPRegen 0.13/turn               f - ring of protection from cold
MPRegen 0.00/turn               (no ring)

@: flying
A: sickness immunity, fire resistance 2, cold vulnerability 1, float, innate
caster, hp casting, extra vitality 1
a: no special abilities


You were on level 4 of the Dungeon.
You visited 1 branch of the dungeon, and saw 4 of its levels.

You collected 61 gold pieces.

Inventory:

Hand Weapons
 k - a +0 dagger of electrocution (weapon)
 u - a +4 short sword
Missiles
 c - 5 boomerangs of dispersal (quivered)
 i - a throwing net
 t - 2 javelins
 v - 6 poisoned darts
Armour
 a - a +0 leather armour (worn)
Jewellery
 f - a ring of protection from cold (left hand)
Scrolls
 b - a scroll of blinking
 d - a scroll of fog {unknown}
 h - 2 scrolls of holy word {unknown}
 j - 3 scrolls of teleportation {unknown}
 l - a scroll of torment {unknown}
 m - a scroll of magic mapping {unknown}
 n - 2 scrolls of identify {unknown}
 p - a scroll of brand weapon {unknown}
 q - a scroll of immolation {unknown}
Potions
 e - 2 potions of heal wounds {unknown}
 g - a potion of invisibility {unknown}
 o - a potion of mutation {unknown}
 r - a potion of degeneration {unknown}
 s - a potion of attraction {unknown}


   Skills:
 + Level 3.2 Fighting
 - Level 0.7 Throwing
 - Level 1.0 Armour
 + Level 3.6 Dodging
 + Level 3.2 Unarmed Combat
 + Level 3.1 Spellcasting


You couldn't memorise any spells.
You knew the following spells:

 Your Spells              Type           Power      Damage    Failure   Level
a - Blink                 Tloc           26%        N/A       10%         2
b - Lesser Beckoning      Tloc           13%        N/A       19%         3
c - Gell's Gravitas       Tloc           13%        N/A       19%         3
d - Teleport Other        Tloc           13%        N/A       19%         3
e - Manifold Assault      Tloc           13%        N/A       87%         5
f - Animate Skeleton      Necr           26%        N/A       6%          1
g - Call Imp              Summ           13%        N/A       10%         2
Your spell library was empty.

Dungeon Overview and Level Annotations

Branches:
Dungeon (4/15)
 Temple: D:4-7

Altars:
Ru

Annotations:
D:2 1 runed translucent door, Crazy Yiuf
D:3 Sigmund


Innate Abilities, Weirdness & Mutations

You are immune to sickness and miasma.
You are immune to poison.
Your flesh is very heat resistant. (rF++)
You are vulnerable to cold. (rC-)
You float through the air rather than walking.
You learn spells naturally, not from books.
Your magical power is your life essence.
You have superior vitality. (+4 MHP)


Message History

Your white imp hits the orc.
Your white imp freezes the orc.
Your Fighting skill increases to level 3!
Your Unarmed Combat skill increases to level 3!
Your Spellcasting skill increases to level 3!
You barely miss the orc.
The orc is heavily wounded.
The orc hits you with a +4 short sword.
* * * LOW HITPOINT WARNING * * *
Your white imp hits the orc.
Your white imp freezes the orc.
The orc dies!
Unknown command.
Items here: ( )) [ †.
u - a +4 short sword;
v - 6 poisoned darts You start resting.
Your white imp disappears in a puff of smoke!
An ogre comes into view. It is wielding a +0 giant club.
Casting: Call Imp (safe; 10% risk of failure)
Confirm with . or Enter, or press ? or * to list all spells.
A beastly little devil appears in a puff of frigid air.
The ogre shouts!
Your white imp hits the ogre.
Your white imp freezes the ogre.
Unknown command.
You hit the ogre.
The ogre is moderately wounded.
The ogre hits you with a +0 giant club!!
Your white imp hits the ogre but does no damage.
Unknown command.
You hit the ogre but do no damage.
The ogre is moderately wounded.
Your white imp barely misses the ogre.
Unknown command.
You hit the ogre but do no damage.
The ogre is moderately wounded.
The ogre hits you with a +0 giant club.
Your white imp hits the ogre.
Your white imp freezes the ogre.
Unknown command.
You hit the ogre.
The ogre is heavily wounded.
The ogre hits you with a +0 giant club!!
You die...

#..†###
#...#.####
#..###....#######
....
####)#.....##≈≈≈.
.##
#.#....##≈≈...
#.#....#≈≈...
#.....##≈..#
##..O5.#≈≈K.#
#..#.@.#≈...#
###.####[#≈..#...
### ####...#
#.'....#
.>#####....###
###≈......
#.......####
≈≈..... ##.....##
#≈≈....
...###...# #≈≈.≈≈
..## ###.# ##+##
#.# ..#


You could see an ogre (ally target) and a friendly white imp (summoned).

Vanquished Creatures
  A kobold brigand (D:4)
  3 adders
  3 gnolls
  A worm (D:2)
  4 dart slugs
  An orc (D:4)
  3 endoplasms
  2 giant cockroaches
  3 hobgoblins
  3 quokkas
  7 ball pythons
  4 bats
  A frilled lizard (D:1)
  3 goblins
  2 kobolds
  4 rats
45 creatures vanquished.

Vanquished Creatures (collateral kills)
  An orc (D:4)
1 creature vanquished.

Grand Total: 46 creatures vanquished

Notes
Turn   | Place    | Note
-------+----------+-------------------------------------------
     0 | D:1      | Shayle the Djinni Warper began the quest for the Orb.
     0 | D:1      | Reached XP level 1. HP: 18/18 MP: 0/0
   264 | D:1      | Reached XP level 2. HP: 4/23 MP: 0/0
  1225 | D:2      | Reached XP level 3. HP: 27/29 MP: 0/0
  1225 | D:2      | Learned a level 1 spell: Animate Skeleton
  1479 | D:2      | Found a runed translucent door.
  1480 | D:2      | Noticed Crazy Yiuf
  2006 | D:3      | Noticed Sigmund
  2010 | D:2      | Reached XP level 4. HP: 32/34 MP: 0/0
  3194 | D:3      | Found a sacrificial altar of Ru.
  3264 | D:3      | Reached XP level 5. HP: 24/40 MP: 0/0
  3264 | D:3      | Learned a level 2 spell: Call Imp
  3518 | D:4      | Noticed a kobold brigand
  3530 | D:4      | Killed a kobold brigand
  3747 | D:4      | Noticed an ogre
  3753 | D:4      | Slain by an ogre

Illustrated notes

Levels and vault maps discovered:
D:1:      dpeg_arrival_another_circle, layout_rooms, minmay_domino_2
D:2:      layout_loops_cross, uniq_crazy_yiuf_cottage
D:3:      layout_rooms, nicolae_ru_path_of_blood, uniq_sigmund
D:4:      layout_rooms, serial_shops, nicolae_shop_statue_plus,
          kennysheep_potato

Skill      XL: |  1  2  3  4  5 |
---------------+----------------+-----
Dodging        | 3 |  3.6
Fighting       | 3 |  3.2
Unarmed Combat | 3 |  3.2
Spellcasting   | 3 |  3.1
Throwing       | |  0.7
Armour         | |  1.0

Action                   |  1- 3 |  4- 6 || total
-------------------------+-------+-------++-------
Melee: Unarmed           |    28 |       ||    28
       Dagger            |    80 |   108 ||   188
       Punch             |       |     2 ||     2
 Cast: Call Imp          |       |     4 ||     4
  Use: Potion            |       |     2 ||     2
 Stab: Sleeping          |     1 |       ||     1
Armor: Leather armour    |    42 |    27 ||    69
       Skin              |       |     2 ||     2
Dodge: Dodged            |    87 |    67 ||   154

Table legend: (Time is in decaauts)
 A = Elapsed time spent in this place.
 B = Non-inter-level travel time spent in this place.
 C = Inter-level travel time spent in this place.
 D = Time resting spent in this place.
 E = Time spent auto-exploring this place.
 F = Levels seen in this place.
 G = Mean time per level.
                   A        B        C        D        E       F      G
               +--------+--------+--------+--------+--------+-----+--------+
         Total |   3753 |   3619 |    134 |   1260 |   1681 |   4 |  938.2 |
       Dungeon |   3753 |   3619 |    134 |   1260 |   1681 |   4 |  938.2 |
               +--------+--------+--------+--------+--------+-----+--------+

Top non-repeatable levels by time:
     D:2: 1313 daAuts
     D:1: 1170 daAuts
     D:3: 883 daAuts
     D:4: 385 daAuts
